 Dungeon Crawl Stone Soup version 0.18.1-48-g4cf74bf (webtiles) character file.

34 Larett the Sneak (level 3, 0/18 HPs)
             Began as a Spriggan Assassin on July 29, 2016.
             Slain by a kobold
             ... wielding a +2 short sword of flaming
              (3 damage)
             ... on level 2 of the Dungeon.
             The game lasted 00:03:04 (798 turns).

Larett the Sneak (Spriggan Assassin)                 Turns: 798, Time: 00:03:05

Health: 0/18       AC:  3    Str:  7    XL:     3   Next: 14%
Magic:  4/4        EV: 17    Int: 12    God:
Gold:   66         SH:  0    Dex: 18    Spells: 0 memorised, 2 levels left

rFire  . . .     SeeInvis +     a - +2 dagger
rCold  . . .     Gourm    .     c - +0 robe
rNeg   . . .     Faith    .     (shield restricted)
rPois  .         Spirit   .     (helmet restricted)
rElec  .         Dismiss  .     d - +0 cloak
rCorr  .         Reflect  .     (gloves unavailable)
SustAt .         Harm     .     (boots unavailable)
MR     .....                    (no amulet)
Stlth  ++++......               (no ring)
                                (no ring)

@: very quick, not resistant to hostile enchantments, stealthy
A: unfitting armour, see invisible, herbivore 3, speed 3, slow metabolism 2
a: no special abilities


You were on level 2 of the Dungeon.
You were not hungry.

You visited 1 branch of the dungeon, and saw 2 of its levels.

You collected 66 gold pieces.

Inventory:

Hand Weapons
 a - a +2 dagger (weapon)
 b - a +0 blowgun
Missiles
 e - 8 poisoned needles
 f - 2 curare-tipped needles
 i - 65 stones (quivered)
 n - 12 bolts
 p - 21 sling bullets
Armour
 c - a +0 robe (worn)
 d - a +0 cloak (worn)
Scrolls
 h - 2 scrolls of enchant armour {unknown}
 k - a scroll of noise {unknown}
 l - a scroll of blinking {unknown}
 o - 3 scrolls of identify {unknown}
 r - a scroll of immolation {unknown}
 v - a scroll of recharging {unknown}
 w - a scroll of remove curse {unknown}
Potions
 j - 3 potions of agility {unknown}
 m - 2 potions of cancellation {unknown}
 q - 3 potions of flight {unknown}
 s - 2 potions of degeneration {unknown}
 t - a potion of cure mutation {unknown}
 u - a potion of curing {unknown}
Comestibles
 g - 2 bread rations


   Skills:
 - Level 1.5 Fighting
 - Level 2.1 Short Blades
 - Level 2.0 Throwing
 - Level 1.5 Dodging
 + Level 7.6 Stealth


You had 2 spell levels left.
You didn't know any spells.

Dungeon Overview and Level Annotations

Branches:
Dungeon (2/15)

Altars:


Innate Abilities, Weirdness & Mutations

You are tiny and cannot use many weapons and most armour.
You have supernaturally acute eyesight.
You are a herbivore.
You cover ground extremely quickly.
You need consume almost no food.


Message History

You hit the giant gecko.
The giant gecko is severely wounded.
The kobold hits you with a short sword of flaming.
The kobold burns you. The giant gecko completely misses you.
You closely miss the giant gecko.
The giant gecko is severely wounded.
The kobold misses you. The giant gecko misses you.
You closely miss the giant gecko.
The giant gecko is severely wounded.
The kobold hits you with a short sword of flaming.
* * * LOW HITPOINT WARNING * * *
The kobold burns you.
* * * LOW HITPOINT WARNING * * *
The giant gecko barely misses you.
You miss the giant gecko.
The giant gecko is severely wounded.
The kobold hits you with a short sword of flaming.
* * * LOW HITPOINT WARNING * * *
The kobold burns you.
You die...

...†..............#
##.....#####......#
##..#.# ###......#
#............(.#
##.###...#.>.## ..
.......(.##
#...........#
..........#
.......i..#
......lK.##
#...#...##
#########


You could see a giant gecko and a kobold.

Vanquished Creatures
  A ball python (D:1)
  4 giant cockroaches
  8 goblins
  5 kobolds
  A quokka (D:2)
  5 bats
  A giant newt (D:2)
  4 rats
29 creatures vanquished.

Notes
Turn   | Place    | Note
--------------------------------------------------------------
     0 | D:1      | Larett the Spriggan Assassin began the quest for the Orb.
     0 | D:1      | Reached XP level 1. HP: 10/10 MP: 2/2
    24 | D:1      | Reached skill level 6 in Stealth
   271 | D:1      | Reached XP level 2. HP: 14/14 MP: 3/3
   467 | D:1      | Reached skill level 7 in Stealth
   716 | D:2      | Reached XP level 3. HP: 18/18 MP: 4/4
   798 | D:2      | HP: 3/18 [kobold/short sword of flaming (6)]
   798 | D:2      | Slain by a kobold

Skill      XL: |  1  2 |
---------------+-------+-----
Stealth        | 6 7 |  7.6
Fighting       | |  1.5
Short Blades   | |  2.1
Throwing       | |  2.0
Dodging        | |  1.5

Action                   || total
-------------------------++-------
Melee: Dagger            ||    70
 Stab: Sleeping          ||    13
Armor: Robe              ||     7
Dodge: Dodged            ||    44
